 Dungeon Crawl Stone Soup version 0.19-a0-1903-gead39cf (webtiles) character file.

570 LORDOFBUTT the Chopper (level 7, -2/60 HPs)
             Began as a Minotaur Fighter on Oct 20, 2016.
             Killed by divine providence
             ... invoked by an orc priest
              (12 damage)
             ... on level 5 of the Dungeon.
             The game lasted 00:03:37 (2911 turns).

LORDOFBUTT the Chopper (Minotaur Fighter)           Turns: 2911, Time: 00:03:39

Health: -2/60      AC:  8    Str: 21    XL:     7   Next: 11%
Magic:  6/6        EV:  8    Int:  5    God:
Gold:   259        SH: 10    Dex: 11    Spells: 0 memorised, 6 levels left

rFire  . . .     SeeInvis .     q - +4 war axe
rCold  . . .     Gourm    .     b - +0 scale mail
rNeg   . . .     Faith    .     c - +0 shield
rPois  .         Spirit   .     (helmet restricted)
rElec  .         Reflect  .     l - +0 cloak
rCorr  .         Harm     .     (no gloves)
MR     .....                    (no boots)
Stlth  ..........               (no amulet)
                                (no ring)
                                (no ring)

@: no status effects
A: retaliatory headbutt, horns 2
a: no special abilities


You were on level 5 of the Dungeon.
You were not hungry.

You visited 1 branch of the dungeon, and saw 5 of its levels.

You collected 259 gold pieces.

Inventory:

Hand Weapons
 q - a +4 war axe (weapon)
Armour
 b - a +0 scale mail (worn)
 c - a +0 shield (worn)
 l - a +0 cloak (worn)
Wands
 k - a wand of iceblast (8/15)
 s - a wand of random effects (28/48)
 w - a wand of paralysis (10/24)
Scrolls
 g - 2 scrolls of enchant armour {unknown}
 i - a scroll of magic mapping {unknown}
 m - a scroll of noise {unknown}
 n - 2 scrolls of fear
 o - 2 scrolls of identify
 x - 3 scrolls of immolation {unknown}
 y - a scroll of teleportation {unknown}
 C - a scroll of blinking {unknown}
Potions
 a - a potion of berserk rage
 d - a potion of might
 e - a potion of curing
 h - 3 potions of heal wounds
 j - 2 potions of agility
 r - a potion of cancellation {unknown}
 v - a potion of flight {unknown}
 A - a potion of lignification {unknown}
Books
 B - a book of Cantrips

   Spells                             Type                      Level
   a - Confusing Touch                Hexes                        1
   b - Animate Skeleton               Necromancy                   1
   c - Summon Small Mammal            Summoning                    1
   d - Apportation                    Translocation                1
Comestibles
 f - 4 bread rations
 p - a slice of pizza
 t - a meat ration
 u - a beef jerky


   Skills:
 + Level 4.9 Fighting
 + Level 6.8 Axes
 + Level 5.3 Armour
 + Level 1.2 Dodging
 + Level 0.1 Stealth
 + Level 4.9 Shields


You had 6 spell levels left.
You didn't know any spells.

Dungeon Overview and Level Annotations

Branches:
Dungeon (5/15)
 Temple: D:4-7

Altars:


Innate Abilities, Weirdness & Mutations

You reflexively headbutt those who attack you in melee.
You have a pair of horns on your head.


Message History

The orc wizard gestures wildly while chanting.
The orc hits you but does no damage.
You slash the orc!
You kill the orc!
You hit the orc.
You kill the orc!
The orc priest looks encouraged for a moment.
The orc priest mumbles some strange prayers to Beogh against you.
Beogh smites you!
Found an escape hatch in the floor.
Things that are here:
a mace; an orc corpse You slash the orc priest!
Your headbutt misses the orc priest.
The orc priest is almost dead.
The orc priest mumbles some strange prayers to Beogh against you.
Pain shoots through your body!
* * * LOW HITPOINT WARNING * * *
The orc priest mumbles some strange prayers to Beogh against you.
Beogh smites you!
You die...

##.##
#####
##.## #
##.##
##.##
###.##
#....#
##...#
##.)##
#@).#
##o.#
o....
.o....#
.......
.....?#
......#
.>...##


You could see 2 orc priests and an orc wizard.

Vanquished Creatures
  An ice beast (D:5)
  A howler monkey (D:5)
  A jelly (D:5)
  A centaur skeleton (D:4)
  Crazy Yiuf (D:2)
  An orc priest (D:5)
  A hound (D:4)
  Jessica (D:2)
  Terence (D:3)
  Natasha (thrice) (D:4)
  A worker ant (D:4)
  4 adders
  An adder skeleton (D:4)
  3 worms
  3 dart slugs
  6 leopard geckos
  7 orcs
  4 bats (D:3)
  7 giant cockroaches
  10 goblins
  6 hobgoblins
  3 jackals (D:1)
  A quokka (D:4)
  3 frilled lizards
  7 kobolds
  10 rats
88 creatures vanquished.

Notes
Turn   | Place    | Note
-------+----------+-------------------------------------------
     0 | D:1      | LORDOFBUTT the Minotaur Fighter began the quest for the Orb.
     0 | D:1      | Reached XP level 1. HP: 19/19 MP: 0/0
    46 | D:1      | Reached XP level 2. HP: 27/27 MP: 1/1
   110 | D:1      | Reached skill level 3 in Axes
   491 | D:1      | Reached XP level 3. HP: 33/33 MP: 2/2
  1077 | D:2      | Noticed Jessica
  1080 | D:2      | Killed Jessica
  1080 | D:2      | Reached skill level 4 in Axes
  1080 | D:2      | Reached XP level 4. HP: 40/40 MP: 3/3
  1279 | D:2      | Found a runed door.
  1523 | D:2      | Noticed Crazy Yiuf
  1526 | D:2      | Killed Crazy Yiuf
  1683 | D:3      | Reached XP level 5. HP: 46/46 MP: 4/4
  1908 | D:3      | Noticed Terence
  1916 | D:3      | Killed Terence
  1916 | D:3      | Reached skill level 5 in Axes
  2180 | D:4      | Noticed Natasha
  2186 | D:4      | Killed Natasha
  2186 | D:4      | Reached skill level 5 in Armour
  2398 | D:4      | Noticed Natasha
  2403 | D:4      | Killed Natasha
  2430 | D:4      | Noticed Natasha
  2433 | D:4      | Killed Natasha
  2433 | D:4      | Reached XP level 6. HP: 47/52 MP: 5/5
  2779 | D:5      | Entered Level 5 of the Dungeon
  2780 | D:5      | Noticed an ice beast
  2786 | D:5      | Killed an ice beast
  2786 | D:5      | Reached skill level 6 in Axes
  2786 | D:5      | Reached skill level 1 in Dodging
  2820 | D:5      | Reached XP level 7. HP: 35/60 MP: 6/6
  2911 | D:5      | Killed from afar by an orc priest

Vault maps used:
D:1:      tarquinn_simple_flora_water_e, minmay_tetromino_o2
D:2:      first_bread, uniq_crazy_yiuf_cottage, uniq_jessica
D:3:      uniq_terence
D:4:      minmay_misc_feat_iff, uniq_natasha
D:5:      grunt_ministairs_6

Skill      XL: |  1  2  3  4  5  6 |
---------------+-------------------+-----
Shields        | 4 |  4.9
Axes           | 3 4 5 6 |  6.8
Fighting       | 4 |  4.9
Armour         | 4 5 |  5.3
Dodging        | 1 |  1.2
Stealth        | |  0.1

Action                   |  1- 3 |  4- 6 |  7- 9 || total
-------------------------+-------+-------+-------++-------
Melee: War axe           |    86 |   103 |     8 ||   197
       Headbutt          |    16 |    20 |       ||    36
  Use: Scroll            |     3 |     4 |       ||     7
  Eat: Fruit             |       |     2 |       ||     2
       Chunk             |       |     5 |       ||     5
Armor: Scale mail        |    37 |    32 |     5 ||    74
Dodge: Dodged            |    16 |    25 |     1 ||    42
Block: Shield            |    42 |    47 |     2 ||    91
